 Dungeon Crawl Stone Soup version 0.28-a0-1545-g945cd3f27e (webtiles) character file.

Game seed: 3164265434052469004

11 BritishOli the Ducker (level 2, -1/22 HPs)
             Began as a Demonspawn Gladiator on Jan 18, 2022.
             Slain by a goblin (2 damage)
             ... on level 1 of the Dungeon.
             The game lasted 00:00:33 (212 turns).

BritishOli the Ducker (Demonspawn Gladiator)         Turns: 212, Time: 00:00:33

Health: -1/22      AC:  4    Str: 14    XL:     2   Next: 17%
Magic:  2/2        EV: 12    Int:  9    God:
Gold:   12         SH:  0    Dex: 14    Spells: 1/1 levels left

rFire   . . .      SeeInvis .   a - +0 war axe
rCold   . . .      Faith    .   (no shield)
rNeg    . . .      Spirit   .   b - +0 leather armour
rPois   .          Reflect  .   c - +0 helmet
rElec   .          Harm     .   (no cloak)
rCorr   .          Rampage  .   (no gloves)
Will    .....                   (no boots)
Stlth   +.........              (no amulet)
HPRegen 0.07/turn               (no ring)
MPRegen 0.08/turn               (no ring)

@: no status effects
A: powered by pain 1
a: no special abilities


You were on level 1 of the Dungeon.
You visited 1 branch of the dungeon, and saw 1 of its levels.

You collected 12 gold pieces.

Inventory:

Hand Weapons
 a - a +0 war axe (weapon)
Missiles
 d - 3 throwing nets (quivered)
Armour
 b - a +0 leather armour (worn)
 c - a +0 helmet (worn)


   Skills:
 + Level 2.2 Fighting
 + Level 2.8 Axes
 + Level 2.0 Throwing
 + Level 2.9 Dodging


You had one spell level left.
You didn't know any spells.
Your spell library was empty.

Dungeon Overview and Level Annotations

Branches:
Dungeon (1/15)

Altars:


Innate Abilities, Weirdness & Mutations

You sometimes gain a little power by taking damage.


Message History

The goblin barely misses you. The goblin closely misses you.
The goblin barely misses you. The goblin misses you.
The goblin closely misses you. The goblin barely misses you.
The goblin hits you but does no damage. The goblin closely misses you.
The goblin barely misses you. The goblin barely misses you.
The goblin closely misses you. The goblin hits you but does no damage.
The goblin hits you but does no damage. The goblin closely misses you.
The goblin hits you but does no damage. The goblin misses you.
The goblin barely misses you. The goblin hits you but does no damage.
The goblin hits you but does no damage. The goblin hits you but does no damage.
The goblin closely misses you. The goblin hits you with a +0 dagger.
The goblin misses you. The goblin barely misses you.
The goblin hits you but does no damage. The goblin hits you with a +0 dagger.
* * * LOW HITPOINT WARNING * * *
The goblin hits you with a +0 dagger.
* * * LOW HITPOINT WARNING * * *
The goblin hits you but does no damage. The goblin hits you with a +0 dagger.
* * * LOW HITPOINT WARNING * * *
The goblin completely misses you. The goblin hits you but does no damage.
The goblin barely misses you. The goblin misses you.
The goblin barely misses you. The goblin hits you but does no damage.
The goblin hits you with a +0 dagger.
You die...

#............
#######............
#..................
#.######...........
#....†#'#########
.......#.# .#.###.#.# #
###g####### #..@.......
#.#.####### #.#.....#
#.#.#.### ###.#.#.#
#.....#.#
#####.#.#.#.#####..
#....[....#........
######)##.#.#..........


You could see a goblin.

Vanquished Creatures
  A dart slug (D:1)
  A goblin (D:1)
  2 hobgoblins (D:1)
  A quokka (D:1)
  A bat (D:1)
  2 rats (D:1)
8 creatures vanquished.

Vanquished Creatures (others)
  An endoplasm (D:1)
1 creature vanquished.

Grand Total: 9 creatures vanquished

Notes
Turn   | Place    | Note
-------+----------+-------------------------------------------
     0 | D:1      | BritishOli the Demonspawn Gladiator began the quest for the
                  | Orb.
     0 | D:1      | Reached XP level 1. HP: 16/16 MP: 1/1
   129 | D:1      | Gained mutation: You sometimes gain a little power by
                  | taking damage. [demonic ancestry]
   129 | D:1      | Reached XP level 2. HP: 21/22 MP: 2/2
   205 | D:1      | HP: 1/22 [goblin (3)]
   212 | D:1      | Slain by a goblin

Illustrated notes

Levels and vault maps discovered:
D:1:      wheals_arrival_linesprint, layout_basic, hangedman_decor_growths

Skill      XL: |  1 |
---------------+----+-----
Throwing       | 2 |  2.0
Fighting       | |  2.2
Axes           | |  2.8
Dodging        | |  2.9

Action                   || total
-------------------------++-------
Melee: War axe           ||    19
Armor: Leather armour    ||    27
Dodge: Dodged            ||    40

Table legend: (Time is in decaauts)
 A = Elapsed time spent in this place.
 B = Non-inter-level travel time spent in this place.
 C = Inter-level travel time spent in this place.
 D = Time resting spent in this place.
 E = Time spent auto-exploring this place.
 F = Levels seen in this place.
 G = Mean time per level.
                   A        B        C        D        E       F      G
               +--------+--------+--------+--------+--------+-----+--------+
         Total |    218 |    218 |      0 |      0 |    100 |   1 |  218.0 |
       Dungeon |    218 |    218 |      0 |      0 |    100 |   1 |  218.0 |
               +--------+--------+--------+--------+--------+-----+--------+

Top non-repeatable levels by time:
     D:1: 218 daAuts
